AoeStats
← Jayhawk5617

MegaRandom

510528645Analyzed
2v2 RM · 17h ago on Oct 1, 2026· 35m 45s· 4 players
Game mode
Random Map
Map size
Medium (4 player)
Population
200
Speed
Normal
Resources
Standard
Victory
Conquest
Starting age
Dark Age
Ending age
Imperial Age
RankedLock teamsTeams togetherTeam positionsShared explorationLock speedFull tech treeHidden civsTurbo modeCheats
Victory
Defeat
🇨🇳 Malians · China
1000
+11
🇨🇳 Wu · China
978
+12
🇺🇸 Goths · United States
912
-12
🇬🇧 Japanese · United Kingdom
881
-11
Jayhawk5617
4:59 Loom
11:52 Feudal Age
12:36 Double-Bit Axe
16:11 Castle Age
17:24 Wheelbarrow
19:54 Horse Collar
23:41 Stone Mining
25:48 Fletching
28:36 Bodkin Arrow
paceylemon
6:26 Loom
11:58 Feudal Age
12:48 Double-Bit Axe
13:41 Man-at-Arms
14:24 Horse Collar
20:08 Castle Age
19:07 Fletching
20:18 Crossbowman
21:15 Bodkin Arrow
23:10 Padded Archer Armor
30:56 Ballistics
31:55 Thumb Ring
TKDanis
5:38 Loom
11:11 Feudal Age
15:26 Castle Age
13:44 Double-Bit Axe
15:30 Horse Collar
18:35 Bow Saw
18:36 Fletching
22:06 Bodkin Arrow
23:19 Ballistics
25:10 Red Cliffs Tactics
26:24 Man-at-Arms
27:06 Squires
26:52 Arson
27:25 Scale Mail Armor
27:35 Forging
28:16 Man-at-Arms
29:15 Chain Mail Armor
29:36 Iron Casting
29:55 Long Swordsman
酥凉
11:44 Feudal Age
12:25 Loom
16:37 Castle Age
15:24 Double-Bit Axe
17:04 Fletching
18:12 Bodkin Arrow
19:33 Forging
19:45 Scale Mail Armor
34:50 Tigui
Connection lost

Rejoining the realm…

Still unreachable

The connection could not be restored.

Session expired

The server has moved on; the page needs a fresh start.